 Dungeon Crawl Stone Soup version 0.26-a0-1139-g7d2dc893a1 (webtiles) character file.

Game seed: 14023574976171700302

6510 night the Grappler (level 10, -5/88 HPs)
             Began as a Troll Fighter on Dec 21, 2020.
             Was an Initiate of Ru.
             Slain by a sun demon (19 damage)
             ... summoned by a kobold demonologist
             ... in a bailey.
             The game lasted 00:21:04 (6910 turns).

night the Grappler (Troll Fighter)                  Turns: 6910, Time: 00:21:04

Health: -5/88      AC:  9    Str: 26    XL:     10   Next: 69%
Magic:  9/9        EV: 10    Int:  7    God:    Ru [......]
Gold:   195        SH: 11    Dex:  9    Spells: 9/9 levels left

rFire    . . .     SeeInvis .     - Unarmed
rCold    . . .     Faith    .   b - +0 kite shield
rNeg     . . .     Spirit   .   a - +0 robe
rPois    +         Reflect  .   P - +2 hat
rElec    .         Harm     .   H - +0 cloak
rCorr    .         Rampage  .   (gloves unavailable)
Will     .....                  (boots unavailable)
Stlth    +.........             (no amulet)
HPRegen  0.64/turn              L - ring of poison resistance
MPRegen  0.11/turn              B - +4 ring of slaying

@: lethally poisoned (-5 -> -5), berserk cooldown, slowed, very slow
A: large, unfitting armour, claws 3, regeneration 1, shaggy fur 1, tough skin 3,
missing an eye
a: Renounce Religion


You were in a bailey.
You worshipped Ru.
Ru was noncommittal.
You visited 2 branches of the dungeon, and saw 10 of its levels.
You also visited: Bailey.

You collected 465 gold pieces.
You spent 270 gold pieces at shops.

Inventory:

Hand Weapons
 C - the +9 rapier of Conscience {flame, rPois rC- Str+3 Dex+4}
   (You found it on level 5 of the Dungeon)

   It has been specially enchanted to burn those struck by it, causing extra
   injury to most foes and up to half again as much damage against particularly
   susceptible opponents.
   It affects your strength (+3).
   It affects your dexterity (+4).
   It makes you vulnerable to cold.
   It protects you from poison.
Missiles
 d - 330 stones
 e - 60 poisoned darts (quivered)
 x - 6 silver javelins
 z - 11 boomerangs
 N - 7 atropa-tipped darts
Armour
 a - a +0 robe (worn)
 b - a +0 kite shield (worn)
 H - a +0 cloak (worn)
 P - a +2 hat (worn)
Jewellery
 A - an uncursed ring of protection from cold
 B - a +4 ring of slaying (right claw)
 L - a ring of poison resistance (left claw)
 O - an uncursed ring of flight {unknown}
Wands
 o - a wand of random effects (25)
 w - a wand of iceblast (2)
 J - a wand of digging (5)
 K - a wand of flame (38)
Scrolls
 h - a scroll of enchant weapon
 k - 2 scrolls of teleportation
 n - 2 scrolls of enchant armour {unknown}
 p - 3 scrolls of identify
 s - a scroll of blinking {unknown}
 y - 6 scrolls of remove curse
 I - a scroll of noise
 M - a scroll of magic mapping
Potions
 c - 2 potions of might
 f - 2 potions of invisibility
 g - 4 potions of curing
 i - a potion of heal wounds
 j - 3 potions of haste
 m - 2 potions of magic
 q - 2 potions of attraction
 r - a potion of resistance
 t - 2 potions of lignification
 u - 3 potions of berserk rage
 v - 4 potions of degeneration


   Skills:
 - Level 2.4 Fighting
 - Level 2.4 Dodging
 + Level 8.3 Shields
 * Level 13.1 Unarmed Combat


You had 9 spell levels left.
You didn't know any spells.
Your spell library contained the following spells:

 Spells                   Type           Power        Failure   Level
 Shock                    Conj/Air       0%           45%         1
 Swiftness                Air            0%           61%         2
 Static Discharge         Conj/Air       0%           83%         3
 Airstrike                Air            0%           99%         4
 Lightning Bolt           Conj/Air       0%           100%        5


Dungeon Overview and Level Annotations

Branches:
Dungeon (9/15)             Temple (1/1) D:5            Lair (0/6) D:8
 Bailey (1/1)
    Orc: D:9-12

Altars:
Ashenzari
Cheibriados
Dithmenos
Elyvilon
Fedhas
Gozag
Hepliaklqana
Kikubaaqudgha
Makhleb
Nemelex Xobeh
Okawaru
Qazlal
Ru
Sif Muna
Trog
Uskayaw
Vehumet
Wu Jian
Xom
Yredelemnul
Zin
The Shining One

Shops:
D:5 [   D:6 :   D:7 !


Innate Abilities, Weirdness & Mutations

You are too large for most types of armour.
You have claws for hands.
Your natural rate of healing is unusually fast.
You are covered in fur. (AC +1)
You have extremely tough skin. (AC +3)
You are missing an eye, making it more difficult to aim.


Message History

The ynoxinul is heavily wounded.
The iceblast engulfs the kobold demonologist but does no damage.
The kobold demonologist is severely wounded.
You feel sick.
The iron imp disappears in a puff of smoke!
The sun demon closely misses you.
You block the kobold demonologist's attack.
You block the sun demon's attack.
The soul eater draws from the surrounding life force!
You completely miss the kobold demonologist.
The kobold demonologist is severely wounded.
You block the sun demon's attack.
The ynoxinul hits you but does no damage.
You block the kobold demonologist's attack.
You miss the kobold demonologist.
The kobold demonologist is severely wounded.
You feel sick. The sun demon hits you!
* * * LOW HITPOINT WARNING * * *
You are engulfed in flames!!
You die...

#+####### #≈≈≈≈≈# #.......#
#≈≈≈≈≈# +.8.8.8.# #≈≈≈≈≈#
#..)....######≈≈≈≈≈#
#...)#...§..#.≈≈≈≈≈≈#
..#..4.#.....3#.≈≈≈≈≈.######
..#....#####g5#.≈≈≈≈≈......#
..#....
#...K3#.≈≈≈≈≈......### #
#.... #..g3@'..)...........#
#._.. #..⌠..'..))......∩..∩#
#.... #.....'..............#
#.....#.≈≈≈≈≈......###
####++#.≈≈≈≈≈......#
#.≈≈≈≈≈.###### #.≈≈≈≈≈≈#
###≈≈≈≈≈# #≈≈≈≈≈#


You could see a soul eater (summoned), a sun demon (summoned), a kobold
demonologist, a ynoxinul (summoned), a quasit (summoned), a gnoll and a
hobgoblin.

Vanquished Creatures
  Gastronok (D:8)
  Erica (D:8)
  An orc knight (Bailey)
  A kobold demonologist (Bailey)
  A jumping spider (D:8)
  Grinder (D:3)
  Eustachio (D:4)
  2 orc warriors (Bailey)
  An ice beast (D:8)
  4 sky beasts
  An eye of draining (D:8)
  2 phantoms
  A black bear (D:8)
  6 ogres
  A centaur (D:8)
  3 bullfrogs
  A scorpion (D:8)
  An electric eel (Bailey)
  A quasit (D:8)
  A centaur zombie (D:7)
  3 bullfrog skeletons
  A jelly (D:8)
  4 orc priests
  2 hounds
  6 orc wizards
  4 iguanas
  Ijyb (D:5)
  A statue (D:8)
  8 worker ants
  A killer bee zombie (D:7)
  A hound zombie (D:9)
  A hound skeleton (D:7)
  A howler monkey zombie (D:6)
  Robin (D:4)
  11 adders
  A gnoll (Bailey)
  A worker ant zombie (D:8)
  A shadow imp (D:7)
  A white imp (D:5)
  3 ufetubi
  2 oozes
  2 adder skeletons
  2 worms
  A dart slug (D:1)
  3 leopard geckos
  21 orcs
  5 bats
  3 giant cockroaches
  17 goblins
  5 hobgoblins
  10 jackals
  3 quokkas
  A ball python (D:1)
  A frilled lizard (D:2)
  A jackal skeleton (D:4)
  A jackal zombie (D:6)
  7 kobolds
  A quokka skeleton (D:5)
  6 rats
177 creatures vanquished.

Notes
Turn   | Place    | Note
-------+----------+-------------------------------------------
     0 | D:1      | night the Troll Fighter began the quest for the Orb.
     0 | D:1      | Reached XP level 1. HP: 22/22 MP: 0/0
   173 | D:1      | Reached XP level 2. HP: 29/29 MP: 1/1
   680 | D:1      | Reached skill level 3 in Unarmed Combat
   893 | D:2      | Reached XP level 3. HP: 36/36 MP: 2/2
  1316 | D:2      | Reached XP level 4. HP: 44/44 MP: 3/3
  1428 | D:3      | Found a shimmering altar of Xom.
  1524 | D:3      | Found a bloodstained altar of Trog.
  1635 | D:3      | Noticed Grinder
  1647 | D:3      | Killed Grinder
  1648 | D:3      | Reached skill level 5 in Unarmed Combat
  1648 | D:3      | Reached XP level 5. HP: 41/50 MP: 4/4
  1648 | D:3      | Reached XP level 6. HP: 49/59 MP: 5/5
  1725 | D:3      | Found an iron altar of Okawaru.
  1749 | D:3      | Found a shimmering blue altar of Sif Muna.
  1946 | D:4      | Noticed Eustachio
  2065 | D:4      | Reached skill level 6 in Unarmed Combat
  2069 | D:4      | Killed Eustachio
  2070 | D:4      | Reached XP level 7. HP: 27/66 MP: 6/6
  2184 | D:4      | Noticed Robin
  2189 | D:4      | Killed Robin
  2466 | D:4      | Reached skill level 7 in Unarmed Combat
  2635 | D:4      | Found a shadowy altar of Dithmenos.
  2910 | D:5      | Entered Level 5 of the Dungeon
  2961 | D:5      | Got a scorched rapier
  2961 | D:5      | Identified the +9 rapier of Conscience {flame, rPois rC-
                  | Str+3 Dex+4} (You found it on level 5 of the Dungeon)
  3001 | D:5      | Reached skill level 5 in Shields
  3059 | D:5      | Reached XP level 8. HP: 74/74 MP: 7/7
  3089 | D:5      | Reached skill level 8 in Unarmed Combat
  3120 | D:5      | Noticed Ijyb
  3146 | D:5      | Killed Ijyb
  3218 | D:5      | Found Hoqam's Antique Armour Emporium.
  3232 | D:5      | Bought a cloak for 94 gold pieces
  3375 | D:5      | Found a staircase to the Ecumenical Temple.
  3381 | Temple   | Entered the Ecumenical Temple
  3600 | Temple   | Became a worshipper of Ru the Awakened
  3815 | D:5      | Found a glowing golden altar of the Shining One.
  3945 | D:6      | Reached skill level 9 in Unarmed Combat
  3957 | D:6      | Found Baogg's Book Shop.
  4115 | D:6      | Found a stormy altar of Qazlal.
  4115 | D:6      | Noticed an air elemental
  4195 | D:6      | Found a sparkling altar of Nemelex Xobeh.
  4569 | D:7      | Found a glowing silver altar of Zin.
  4660 | D:7      | Found Kerghiba's Distillery.
  4666 | D:7      | Bought a potion of invisibility for 88 gold pieces
  4666 | D:7      | Bought a potion of heal wounds for 55 gold pieces
  4666 | D:7      | Bought a potion of curing for 33 gold pieces
  4711 | D:7      | Reached XP level 9. HP: 80/80 MP: 8/8
  4717 | D:7      | Found a blossoming altar of Fedhas.
  4720 | D:7      | Gained mutation: You are missing an eye, making it more
                  | difficult to aim. [Ru sacrifice]
  4887 | D:7      | Reached skill level 10 in Unarmed Combat
  4980 | D:7      | Found an opulent altar of Gozag.
  5482 | D:8      | Noticed Maurice
  5515 | D:8      | HP: 12/80 [something/iceblast (16)]
  5517 | D:8      | HP: 1/80 [something/iceblast (11)]
  5638 | D:8      | Found a staircase to the Lair.
  5883 | D:8      | Reached skill level 11 in Unarmed Combat
  5942 | D:8      | Noticed Maurice
  5953 | D:8      | Killed Maurice the jumping spider
  6125 | D:8      | Noticed Gastronok
  6138 | D:8      | Killed Gastronok
  6139 | D:8      | Reached skill level 12 in Unarmed Combat
  6139 | D:8      | Reached XP level 10. HP: 88/88 MP: 9/9
  6218 | D:8      | Noticed Erica
  6236 | D:8      | Killed Erica
  6239 | D:8      | Found a radiant altar of Vehumet.
  6728 | D:9      | Found a flagged portal.
  6741 | Bailey   | Entered a bailey
  6872 | Bailey   | Noticed an orc knight
  6873 | Bailey   | Found an iron altar of Okawaru.
  6875 | Bailey   | Noticed an orange demon
  6880 | Bailey   | Killed an orc knight
  6889 | Bailey   | Reached skill level 13 in Unarmed Combat
  6900 | Bailey   | Noticed a soul eater
  6902 | Bailey   | Noticed a sun demon
  6910 | Bailey   | Slain by a sun demon

Illustrated notes

Levels and vault maps discovered:
D:1:      dpeg_arrival_stonehenge_12_columns, layout_basic
D:2:      layout_basic
D:3:      layout_rooms, lemuel_round_altar, lemuel_doored_altar,
          xom_butterflies, general_overflow_altar, uniq_grinder
D:4:      layout_loops_ring, kennysheep_little_box, uniq_eustachio, uniq_robin
D:5:      layout_basic, tso_altar, temple_green, serial_shops, shop_statue,
          kennysheep_generic_room_2, uniq_ijyb
D:6:      minmay_chambers_of_sixes, layout_cave_pools,
          nicolae_qazlal_style_of_elements, lemuel_crystal_altar, serial_shops,
          shop_statue
D:7:      layout_gridville, grunt_gozag_statues, fedhas_altar_fruit_tree,
          nicolae_overflow_crystal_walls, serial_shops, shop
D:8:      layout_loops_ring, vehumet_statue, lair_entry_dummy, uniq_erica,
          uniq_gastronok, uniq_maurice
D:9:      layout_rooms, enter_bailey_3
Temple:   dpeg_chambers_temple
Bailey:   bailey_axe_of_yendor_kennysheep, bailey

Skill      XL: |  1  2  3  4  5  6  7  8  9 10 |
---------------+-------------------------------+-----
Unarmed Combat | 3 5 6 7 9 12 13 | 13.1
Shields        | 3 4 5 6 7 8 |  8.3
Fighting       | |  2.4
Dodging        | |  2.4

Action                   |  1- 3 |  4- 6 |  7- 9 | 10-12 || total
-------------------------+-------+-------+-------+-------++-------
Melee: Unarmed           |   101 |   151 |   338 |    81 ||   671
Throw: Dart              |       |       |     9 |       ||     9
       Stone             |       |       |     1 |       ||     1
Invok: Sacrifice an Eye  |       |       |     1 |       ||     1
       Reject Sacrifices |       |       |       |     1 ||     1
Evoke: Wand              |       |       |     7 |     2 ||     9
  Use: Potion            |       |       |     4 |     2 ||     6
       Scroll            |       |       |       |    16 ||    16
Armor: Robe              |    38 |    59 |    65 |    32 ||   194
Dodge: Dodged            |    40 |    60 |    63 |    32 ||   195
Block: Kite shield       |    40 |    73 |   129 |    49 ||   291

Table legend: (Time is in decaauts)
 A = Elapsed time spent in this place.
 B = Non-inter-level travel time spent in this place.
 C = Inter-level travel time spent in this place.
 D = Time resting spent in this place.
 E = Time spent auto-exploring this place.
 F = Levels seen in this place.
 G = Mean time per level.
                   A        B        C        D        E       F      G
               +--------+--------+--------+--------+--------+-----+--------+
         Total |   6826 |   6539 |    287 |    465 |   4636 |  11 |  620.5 |
       Dungeon |   6423 |   6176 |    247 |    465 |   4344 |   9 |  713.7 |
        Temple |    240 |    200 |     40 |      0 |    199 |   1 |  240.0 |
        Bailey |    162 |    162 |      0 |      0 |     93 |   1 |  162.0 |
               +--------+--------+--------+--------+--------+-----+--------+

Top non-repeatable levels by time:
     D:8: 1166 daAuts
     D:7: 966 daAuts
     D:4: 928 daAuts
     D:1: 814 daAuts
     D:5: 693 daAuts
     D:2: 615 daAuts
     D:3: 542 daAuts
     D:6: 537 daAuts
  Temple: 240 daAuts
  Bailey: 162 daAuts
     D:9: 158 daAuts
